 Dungeon Crawl Stone Soup version 0.31.0-12-g77e489cdc1 (webtiles) character file.

Game seed: 12140549976244988923

46 Stomo444 the Trooper (level 3, -4/29 HPs)
             Began as a Demonspawn Monk on Feb 28, 2024.
             Slain by a gnoll
             ... wielding a +0 flail
              (9 damage)
             ... on level 2 of the Dungeon.
             The game lasted 00:02:03 (1239 turns).

Stomo444 the Trooper (Demonspawn Monk)              Turns: 1239, Time: 00:02:04

Health: -4/29      AC:  8    Str: 13    XL:     3   Next: 46%
Magic:  3/3        EV:  7    Int: 10    God:
Gold:   23         SH:  0    Dex: 17    Spells: 2/2 levels left

rFire   . .          .
                       - Unarmed
rCold   . . .        c - orb {light}
rNeg    . . .        i - +0 chain mail
rPois   .            (no helmet)
rElec   .            (no cloak)
rCorr   .            (no gloves)
SInv    .            (no boots)
Will    .....        (no amulet) Stlth
                     (no ring)
HPRegen 0.24/turn    (no ring)
MPRegen 0.08/turn

%: no passive effects
@: glowing
A: thin skeletal structure 1
a: no special abilities


You were on level 2 of the Dungeon.
You visited 1 branch of the dungeon, and saw 2 of its levels.

You collected 23 gold pieces.

Inventory:

Armour
 a - a +0 robe
 c - an orb of light (worn)
 i - a +0 chain mail (worn)
Scrolls
 e - a scroll of poison
 g - 3 scrolls of identify
 j - a scroll of blinking {unknown}
 k - a scroll of teleportation {unknown}
Potions
 b - a potion of ambrosia
 d - 2 potions of mutation
 f - a potion of invisibility {unknown}


   Skills:
 + Level 3.5 Fighting
 * Level 0.6 Armour
 + Level 3.1 Dodging
 + Level 3.1 Unarmed Combat


You had 2 spell levels left.
You didn't know any spells.
Your spell library was empty.

Dungeon Overview and Level Annotations

Branches:
Dungeon (2/15)

Altars:


Innate Abilities, Weirdness & Mutations

You have a somewhat thin skeletal structure. (Dex +2, Stealth+)


Message History

No target in view!
No target in view!
No target in view!
No target in view!
No target in view!
No target in view!
No target in view!
A gnoll comes into view. It is wielding a +0 flail.
The gnoll shouts!
A gnoll is nearby!
A gnoll is nearby!
A gnoll is nearby!
A gnoll comes into view. It is wielding a +0 halberd.
The gnoll shouts! 2 gnolls come into view.
The gnoll shouts!
The gnoll hits you with a +0 flail.
You hit the gnoll.
The gnoll is moderately wounded.
The gnoll hits you with a +0 flail.
You hit the gnoll but do no damage.
The gnoll is moderately wounded.
The gnoll barely misses you. x2
You barely miss the gnoll.
The gnoll is moderately wounded.
The gnoll hits you from afar with a +0 halberd!
The gnoll hits you with a +0 flail!
* * * LOW HITPOINT WARNING * * *
You are too injured to fight recklessly!
You are too injured to fight recklessly!
You are too injured to fight recklessly!
You are too injured to fight recklessly!
You are too injured to fight recklessly!
You are too injured to fight recklessly!
There are monsters nearby!
Sorry, you're not good enough to have a special ability.
As you read the scroll labelled IROGEX AGIEBAS, it crumbles to dust.
It is a scroll of amnesia.
You feel forgetful for a moment. The gnoll hits you with a +0 flail!
You die...

#... ###.# ### ...
..# ## #.# .. #g#
... ### #g# ...
..# #g# .. # ###.#
#g# ## #...#.# #@#
.## #.#.#.# #.#
8.## #...#.# #.#
...###.#.#.#.###.#
.....#...........#
...#.######.##.###
8.# ........##..#
.## ####..##..###
## #.###.>#


You could see 4 gnolls.

Vanquished Creatures
  An adder (D:2)
  A dart slug (D:1)
  4 endoplasms
  6 goblins
  4 hobgoblins
  2 quokkas (D:2)
  6 ball pythons
  2 bats (D:1)
  2 frilled lizards (D:2)
  A kobold (D:1)
  4 rats
33 creatures vanquished.

Notes
Turn   | Place    | Note
-------+----------+-------------------------------------------
     0 | D:1      | Stomo444 the Demonspawn Monk began the quest for the Orb.
     0 | D:1      | Reached XP level 1. HP: 18/18 MP: 1/1
   200 | D:1      | Gained mutation: You have a somewhat thin skeletal
                  | structure. (Dex +2, Stealth+) [demonic ancestry]
   200 | D:1      | Reached XP level 2. HP: 20/24 MP: 2/2
   988 | D:2      | Reached XP level 3. HP: 29/29 MP: 3/3
  1239 | D:2      | Slain by a gnoll

Illustrated notes

Levels and vault maps discovered:
D:1:      kilobyte_arrival_exit_the_forest, layout_loops_cross
D:2:      layout_basic, st_stairs_7, wad_floor_pattern_untrapped

Skill      XL: |  1  2 |
---------------+-------+-----
Unarmed Combat | 3 |  3.1
Dodging        | 3 |  3.1
Fighting       | |  3.5
Armour         | |  0.6

Action                     || total
---------------------------++-------
  Melee: Unarmed           ||    76
    Use: Scroll            ||     3
   Stab: Sleeping          ||     2
 Armour: Robe              ||    18
         Chain mail        ||    24
  Dodge: Dodged            ||    37
